 Dungeon Crawl Stone Soup version 0.22-a0-750-ga7dcef7 (webtiles) character file.

10155 digijack the Cleaver (level 11, -5/102 HPs)
             Began as a Hill Orc Fighter on July 14, 2018.
             Was an Elder of Beogh.
             Slain by a 13-headed hydra (9 damage)
             ... on level 11 of the Dungeon on July 15, 2018.
             The game lasted 01:04:52 (11436 turns).

digijack the Cleaver (Hill Orc Fighter)            Turns: 11436, Time: 01:04:55

Health: -5/102     AC: 19    Str: 23    XL:     11   Next: 57%
Magic:  11/11      EV:  7    Int:  8    God:    Beogh [****..]
Gold:   452        SH:  6    Dex: 12    Spells: 10/10 levels left

rFire    + . .     SeeInvis .   A - +9 hand axe of Itinan {chop, MR+ Str+2 Dex-3}
rCold    . . .     Gourm    .   j - +0 buckler of Veffe {rF+} (curse)
rNeg     . . .     Faith    +   p - +0 plate armour
rPois    .         Spirit   .   (no helmet)
rElec    .         Reflect  .   q - +2 cloak
rCorr    .         Harm     .   (no gloves)
MR       ++...     Clarity  +   z - +0 pair of boots
Stlth    ..........             v - amulet of faith
HPRegen  0.27/turn              y - ring of flight
MPRegen  0.12/turn              x - +3 ring of dexterity

@: no status effects
A: clarity, magic resistance 1, screaming 1
a: Smiting, Recall Orcish Followers, Renounce Religion, Evoke Flight


You were on level 11 of the Dungeon.
You worshipped Beogh.
Beogh was greatly pleased with you.
You were not hungry.

You visited 1 branch of the dungeon, and saw 11 of its levels.
You also visited: Ossuary.

You collected 751 gold pieces.
You spent 299 gold pieces at shops.

Inventory:

Hand Weapons
 a - a +2 war axe
 A - the +9 hand axe of Itinan (weapon) {chop, MR+ Str+2 Dex-3}
   (You found it on level 9 of the Dungeon)

   It inflicts extra damage upon your enemies.
   It affects your strength (+2).
   It affects your dexterity (-3).
   It affects your resistance to hostile enchantments.
Missiles
 h - 335 stones
 s - 9 tomahawks (quivered)
 F - 8 javelins
Armour
 c - a +0 shield
 j - the cursed +0 buckler of Veffe (worn) {rF+}
   (You found it on level 7 of the Dungeon)

   It protects you from fire.
   It has a curse placed upon it.
 p - a +0 plate armour (worn)
 q - a +2 cloak (worn)
 z - a +0 pair of boots (worn)
Jewellery
 v - an amulet of faith (around neck)
 w - an uncursed ring of ice
 x - a +3 ring of dexterity (right hand)
 y - a ring of flight (left hand)
 G - a +1 ring of protection
 H - a +2 ring of intelligence
Wands
 d - a wand of acid (8)
 t - a wand of paralysis (32)
Scrolls
 e - 8 scrolls of teleportation
 i - 4 scrolls of fear
 k - 8 scrolls of remove curse
 l - 8 scrolls of identify
 C - a scroll of amnesia
 E - a scroll of blinking
Potions
 b - 4 potions of agility
 g - 2 potions of magic
 m - 3 potions of haste
 n - 3 potions of flight
 o - 2 potions of brilliance
 r - 3 potions of curing
 u - 2 potions of cancellation
 D - a potion of might
Comestibles
 f - 26 rations


   Skills:
 + Level 11.2 Fighting
 + Level 11.8 Axes
 + Level 10.3 Armour
 + Level 10.3 Shields


You had 10 spell levels left.
You didn't know any spells.
Your spell library was empty.

Dungeon Overview and Level Annotations

Branches:
Dungeon (11/15)            Temple (0/1) D:4            Lair (0/6) D:10
    Orc: D:9-12

Altars:
Cheibriados
Dithmenos
Elyvilon
Fedhas
Gozag
Hepliaklqana
Makhleb
Okawaru
Ru
Sif Muna
Trog
Vehumet
The Shining One

Shops:
D:4 [   D:8 [   D:10 :


Innate Abilities, Weirdness & Mutations

You possess an exceptional clarity of mind.
You are resistant to hostile enchantments. (MR+)
You occasionally shout uncontrollably at your foes.


Message History

The ten-headed hydra grows two more!
You slash the 12-headed hydra!
The 12-headed hydra is almost dead.
The 12-headed hydra bites you but does no damage. x3
The 12-headed hydra closely misses you.
The 12-headed hydra bites you but does no damage. x2
The 12-headed hydra bites you.
* * * LOW HITPOINT WARNING * * *
The 12-headed hydra bites you but does no damage.
The 12-headed hydra closely misses you.
The 12-headed hydra bites you but does no damage.
You block the 12-headed hydra's attack.
The 12-headed hydra bites you but does no damage.
You lop one of the 12-headed hydra's heads off!
The 11-headed hydra grows two more!
You hit the 13-headed hydra.
The 13-headed hydra is almost dead.
The 13-headed hydra bites you.
* * * LOW HITPOINT WARNING * * *
The 13-headed hydra bites you but does no damage.
The 13-headed hydra bites you!
You die...

#####...###..##..## #....+
...'.....#...##..#######....#
...#.o...'.......#.!........#
#..#..o.#######..+..........#####
######..#.....##+#..........#....
#..<#............<......#...o
#####...+.............(.....#....
#.......#.........####(#....#....
...............D@.....('....#....
≈≈≈≈≈≈≈≈≈≈≈≈≈≈≈≈≈≈≈≈≈≈(#....#....
≈≈≈≈≈≈≈≈≈≈≈≈≈≈≈≈≈≈≈≈≈≈(#....#....
####################≈≈)#....#....
....)...... #≈≈))....###'#
...)..oo... #≈≈)..........
)...o(o.8.. #≈≈...........
..D.†..).(. #≈≈.#.........
(.....).... #≈≈.##'##.....


You could see a 13-headed hydra.

Vanquished Creatures
  A two-headed ogre (D:11)
  An unseen horror (D:10)
  A troll (D:9)
  3 hippogriffs
  Grum (D:9)
  A yak (D:11)
  3 vampire mosquitoes (D:11)
  A hungry ghost (D:10)
  A water moccasin (D:8)
  An ice beast (D:10)
  3 orc warriors
  A sky beast (D:10)
  A phantom (D:8)
  A hornet zombie (D:7)
  3 necrophages
  4 wolves (D:9)
  9 ogres
  10 centaurs
  A big kobold (D:11)
  6 bullfrogs
  5 water moccasin zombies (Ossuary)
  2 scorpions
  4 killer bees (D:11)
  12 wights
  3 howler monkeys
  A bullfrog zombie (D:10)
  2 electric eels (D:11)
  4 jellies
  6 crimson imps
  A centaur zombie (D:10)
  2 quasits
  2 hounds
  7 orc priests
  9 orc wizards
  Terence (D:3)
  3 iguanas
  4 worker ants
  A statue (D:4)
  4 big kobold zombies (Ossuary)
  A hound zombie (D:11)
  2 hound skeletons
  2 mummies (Ossuary)
  A howler monkey zombie (D:6)
  10 adders
  A shadow imp (D:9)
  An ooze (D:1)
  An adder zombie (Ossuary)
  2 worms
  4 dart slugs
  7 leopard geckos
  59 orcs
  9 bats
  4 giant cockroaches
  A gnoll zombie (Ossuary)
  4 goblins
  4 hobgoblins
  7 jackals
  7 kobolds
  4 quokkas
  3 ball pythons
  5 frilled lizards
  A giant cockroach zombie (D:6)
  7 hobgoblin zombies (Ossuary)
  4 kobold zombies (Ossuary)
  3 orc zombies (Ossuary)
  A quokka zombie (D:8)
  5 rats (D:2)
286 creatures vanquished.

Vanquished Creatures (collateral kills)
  2 ugly things (D:11)
  A cyclops (D:11)
  2 yaks (D:11)
  2 orc warriors (D:11)
  3 wights (D:11)
  A worker ant (D:11)
  A hound zombie (D:11)
  5 orcs (D:11)
  2 kobolds (D:11)
19 creatures vanquished.

Vanquished Creatures (others)
  2 orc warriors (D:11)
  An orc wizard (D:11)
  3 orc priests (D:11)
  8 orcs (D:11)
14 creatures vanquished.

Grand Total: 319 creatures vanquished

Notes
Turn   | Place    | Note
-------+----------+-------------------------------------------
     0 | D:1      | digijack the Hill Orc Fighter began the quest for the Orb.
     0 | D:1      | Reached XP level 1. HP: 19/19 MP: 1/1
    64 | D:1      | Reached XP level 2. HP: 11/27 MP: 2/2
   346 | D:1      | Reached XP level 3. HP: 33/33 MP: 3/3
  1216 | D:2      | Found a white marble altar of Elyvilon.
  1232 | D:2      | Reached XP level 4. HP: 31/41 MP: 4/4
  1934 | D:2      | Found a glowing golden altar of the Shining One.
  2112 | D:3      | Noticed Terence
  2121 | D:3      | Killed Terence
  2121 | D:3      | Reached XP level 5. HP: 47/47 MP: 5/5
  2494 | D:4      | Found a bloodstained altar of Trog.
  2496 | D:4      | Found a burning altar of Makhleb.
  2498 | D:4      | Found a sacrificial altar of Ru.
  2501 | D:4      | Found a deep blue altar of Sif Muna.
  2501 | D:4      | Found an iron altar of Okawaru.
  2525 | D:4      | Gained mutation: Your body sometimes deteriorates upon taking damage. [potion of mutation]
  2525 | D:4      | Gained mutation: You have a somewhat thin skeletal structure. (Dex +2, Stealth) [potion of mutation]
  2525 | D:4      | Gained mutation: You are weak. (Str -2) [potion of mutation]
  2525 | D:4      | Gained mutation: You are resistant to hostile enchantments. (MR+) [potion of mutation]
  2538 | D:4      | Found a sand-covered staircase.
  2543 | Ossuary  | Entered an ossuary
  2599 | Ossuary  | Reached skill level 5 in Fighting
  2599 | Ossuary  | Reached XP level 6. HP: 41/56 MP: 6/6
  2627 | Ossuary  | Reached skill level 5 in Axes
  2946 | Ossuary  | Reached skill level 5 in Armour
  2946 | Ossuary  | Reached skill level 5 in Shields
  2946 | Ossuary  | Reached XP level 7. HP: 11/61 MP: 7/7
  3671 | D:4      | Found a staircase to the Ecumenical Temple.
  3675 | D:4      | Found Qekhacopp's Armour Shop.
  3680 | D:4      | Bought a +0 plate armour for 299 gold pieces
  3992 | D:4      | Found a radiant altar of Vehumet.
  4098 | D:4      | Lost mutation: Your body sometimes deteriorates upon taking damage. [potion of mutation]
  4098 | D:4      | Lost mutation: You have a somewhat thin skeletal structure. (Dex +2, Stealth) [potion of mutation]
  4098 | D:4      | Lost mutation: You are weak. (Str -2) [potion of mutation]
  4098 | D:4      | Gained mutation: You occasionally shout uncontrollably at your foes. [potion of mutation]
  4098 | D:4      | Gained mutation: You possess an exceptional clarity of mind. [potion of mutation]
  4290 | D:4      | Reached XP level 8. HP: 65/71 MP: 8/8
  4354 | D:5      | Entered Level 5 of the Dungeon
  5074 | D:5      | Found a snail-covered altar of Cheibriados.
  5334 | D:6      | Found a blossoming altar of Fedhas.
  5351 | D:6      | Found an opulent altar of Gozag.
  5490 | D:6      | Found a shadowy altar of Dithmenos.
  5555 | D:6      | Upgraded the game from 0.22-a0-619-ga0c6fd2 to 0.22-a0-750-ga7dcef7
  5739 | D:6      | Reached XP level 9. HP: 58/79 MP: 9/9
  5945 | D:6      | Became a worshipper of Beogh the Brigand
  6154 | D:6      | Found a hazy altar of Hepliaklqana.
  6719 | D:7      | Got a twisted buckler
  6730 | D:7      | Identified the cursed +0 buckler of Veffe {rF+} (You found it on level 7 of the Dungeon)
  7238 | D:8      | Found Axeilok's Antique Armour Boutique.
  7502 | D:8      | Reached * piety under Beogh
  7770 | D:8      | Reached XP level 10. HP: 24/91 MP: 10/10
  8469 | D:9      | Got a crude hand axe
  8470 | D:9      | Identified the +9 hand axe of Itinan {chop, MR+ Str+2 Dex-3} (You found it on level 9 of the Dungeon)
  8648 | D:9      | Reached ** piety under Beogh
  8717 | D:9      | Noticed Grum
  8737 | D:9      | Killed Grum
  8737 | D:9      | Reached skill level 10 in Axes
  9376 | D:10     | Entered Level 10 of the Dungeon
  9586 | D:10     | Reached *** piety under Beogh
  9597 | D:10     | Reached skill level 10 in Fighting
  9954 | D:10     | Found Nuhinlaox's Book Boutique.
  9991 | D:10     | Found a blossoming altar of Fedhas.
 10057 | D:10     | Killed an unseen horror
 10066 | D:10     | Found a staircase to the Lair.
 10314 | D:11     | Noticed a two-headed ogre
 10320 | D:11     | Reached XP level 11. HP: 86/101 MP: 11/11
 10339 | D:11     | Killed a two-headed ogre
 10724 | D:11     | Reached **** piety under Beogh
 10724 | D:11     | Reached skill level 10 in Armour
 10725 | D:11     | Reached skill level 10 in Shields
 10894 | D:11     | Noticed a purple ugly thing
 10901 | D:11     | Killed a purple ugly thing
 10941 | D:11     | Noticed a cyan ugly thing
 10965 | D:11     | Killed a cyan ugly thing
 10967 | D:11     | Noticed a cyclops
 10984 | D:11     | Killed a cyclops
 11017 | D:11     | HP: 2/102 [orc warrior/glaive (16)]
 11018 | D:11     | Noticed a five-headed hydra
 11436 | D:11     | HP: 4/102 [13-headed hydra (5)]
 11436 | D:11     | Slain by a 13-headed hydra

Vault maps used:
D:1:      minmay_arrival_stair_chambers
D:2:      elyvilon_altar_5, first_ration, tso_altar
D:3:      hangedman_decor_diamond_cutter, uniq_terence
D:4:      vehumet_statue, grunt_temple_overflow_open, minmay_temple_entry_mist,
          enter_ossuary_5, serial_shops, shop, hangedman_minor_gate_pass
D:5:      kennysheep_mini_moat, serial_co_window_serial,
          co_window_of_opportunity_a, co_window_corner_a,
          co_window_of_opportunity_a, co_window_paths_a,
          co_window_of_opportunity_a, co_window_of_opportunity_a,
          co_window_corner_a, co_window_paths_a, co_window_paths_a,
          co_window_of_opportunity_b, co_window_of_opportunity_c,
          co_window_broadway_c, co_window_2corner, co_window_of_opportunity_c,
          co_window_of_opportunity_c, co_window_2corner, glass_columns_b,
          glass_columns_a
D:6:      kennysheep_windowed_halls, lemuel_doored_altar,
          nicolae_overflow_crystal_walls, grunt_dithmenos_smoke_and_mirrors,
          nicolae_gozag_seed_capital
D:8:      serial_shops, nicolae_shop_overgrown_old_shop
D:9:      special_room, grunt_ogre_cave, uniq_grum
D:10:     lair_entry_dummy, serial_shops, kennysheep_mini,
          fedhas_altar_fruit_tree
D:11:     erik_orc_2
Ossuary:  ossuary_tomb_2

Skill      XL: |  1  2  3  4  5  6  7  8  9 10 11 |
---------------+----------------------------------+-----
Axes           | 3 4 5 6 7 9 10 11 | 11.8
Fighting       | 4 5 6 7 9 10 11 | 11.2
Armour         | 4 5 6 8 9 10 | 10.3
Shields        | 4 5 6 8 9 10 | 10.3

Action                   |  1- 3 |  4- 6 |  7- 9 | 10-12 || total
-------------------------+-------+-------+-------+-------++-------
Melee: War axe           |    88 |   179 |   397 |     8 ||   672
       Hand axe          |       |       |       |   307 ||   307
Invok: Convert to Beogh  |       |       |     1 |       ||     1
       Smiting           |       |       |       |     1 ||     1
 Abil: Evoke Berserk Rag |       |     1 |       |       ||     1
       Evoke Flight      |       |       |       |     1 ||     1
Evoke: Wand              |       |       |       |     2 ||     2
  Use: Scroll            |     4 |     2 |     7 |     3 ||    16
       Potion            |     1 |     7 |    10 |     2 ||    20
 Stab: Invisible         |       |     1 |       |       ||     1
  Eat: Chunk             |     1 |     5 |    10 |     9 ||    25
       Ration            |       |       |     2 |     1 ||     3
Armor: Scale mail        |    62 |    90 |     6 |       ||   158
       Plate armour      |       |       |   225 |   197 ||   422
Dodge: Dodged            |    54 |    51 |    64 |    84 ||   253
Block: Shield            |    66 |    73 |   137 |       ||   276
       Buckler           |       |       |    33 |    80 ||   113

Table legend:
 A = Spawn XP
 B = Non-spawn XP
 C = Spawn XP percentage of total XP
 D = Spawn monster count
 E = Non-spawn monster count
 F = Spawn count percentage of total count
 G = Total turns spent on level
                    A         B        C        D         E        F      G
               +---------+---------+-------+---------+---------+-------+---------
         Total |       0 |   14508 |   0.0 |       0 |     305 |   0.0 | 11436
               +---------+---------+-------+---------+---------+-------+---------
           D:1 |       0 |      56 |   0.0 |       0 |      24 |   0.0 |  1082
           D:2 |       0 |      77 |   0.0 |       0 |      25 |   0.0 |  1005
           D:3 |       0 |      66 |   0.0 |       0 |       8 |   0.0 |   406
           D:4 |       0 |     488 |   0.0 |       0 |      26 |   0.0 |   826
           D:5 |       0 |     441 |   0.0 |       0 |      10 |   0.0 |   973
           D:6 |       0 |    1358 |   0.0 |       0 |      29 |   0.0 |   960
           D:7 |       0 |     297 |   0.0 |       0 |       5 |   0.0 |   924
           D:8 |       0 |    1437 |   0.0 |       0 |      31 |   0.0 |  1250
           D:9 |       0 |    2200 |   0.0 |       0 |      45 |   0.0 |   915
          D:10 |       0 |    2096 |   0.0 |       0 |      25 |   0.0 |   934
          D:11 |       0 |    5449 |   0.0 |       0 |      50 |   0.0 |  1126
       Ossuary |       0 |     543 |   0.0 |       0 |      27 |   0.0 |  1035
               +---------+---------+-------+---------+---------+-------+---------
